AoeStats
← Vabryn

QS Arena

503551653Analyzed
4v4 RM · 1mo ago on Sep 1, 2026· 49m 36s· 8 players
Game mode
Random Map
Map size
Large (8 player)
Population
200
Speed
Normal
Resources
Standard
Victory
Conquest
Starting age
Dark Age
Ending age
Imperial Age
RankedLock teamsTeams togetherTeam positionsShared explorationLock speedFull tech treeHidden civsTurbo modeCheats
Victory
Defeat
🇺🇸 Huns · United States
1271
+16
🇺🇸 Khmer · United States
1242
+18
🇵🇪 Vikings · Peru
1240
+18
🇦🇷 Teutons · Argentina
1227
+18
🇦🇺 Italians · Australia
1359
-21
🇦🇺 Japanese · Australia
1267
-17
🇺🇸 Huns · United States
1263
-17
🇳🇿 Hindustanis · New Zealand
1238
-16
"Real Friendly" new player
9:00 Feudal Age
12:01 Castle Age
10:06 Double-Bit Axe
10:26 Horse Collar
11:02 Gold Mining
14:18 Bloodlines
15:20 Husbandry
18:26 Scale Barding Armor
21:58 Forging
22:40 Bow Saw
23:16 Iron Casting
24:30 Gold Shaft Mining
23:59 Heavy Plow
25:44 Scale Mail Armor
25:45 Pikeman
30:08 Chain Mail Armor
29:26 Elite Skirmisher
34:43 Wheelbarrow
35:12 Loom
42:04 Imperial Age
40:32 Hand Cart
43:19 Halberdier
47:44 Fletching
47:54 Padded Archer Armor
48:38 Bodkin Arrow
49:22 Leather Archer Armor
50:08 Chemistry
49:31 Ballistics
50:12 Chemistry
Vabryn
8:48 Feudal Age
10:05 Wheelbarrow
9:20 Double-Bit Axe
15:11 Arson
19:27 Castle Age
17:47 Man-at-Arms
18:42 Horse Collar
19:37 Gold Mining
20:12 Fletching
20:26 Scale Mail Armor
19:51 Long Swordsman
19:54 Pikeman
21:02 Hand Cart
21:32 Squires
21:49 Forging
21:31 Loom
22:21 Heavy Plow
24:22 Long Swordsman
28:45 Gold Shaft Mining
30:45 Bloodlines
31:18 Town Watch
33:12 Bow Saw
33:11 Husbandry
35:04 Iron Casting
34:47 Chain Mail Armor
36:33 Fletching
38:57 Scale Barding Armor
40:24 Chain Barding Armor
42:56 Stone Mining
43:59 Marauders
49:27 Imperial Age
The_Valhalla
8:51 Feudal Age
12:22 Castle Age
10:47 Double-Bit Axe
11:16 Horse Collar
21:03 Bow Saw
21:24 Heavy Plow
23:18 Stone Mining
23:19 Gold Mining
24:42 Loom
27:34 Imperial Age
26:17 Gold Shaft Mining
26:22 Forging
26:13 Scale Mail Armor
26:52 Chieftains
27:07 Pikeman
27:48 Squires
27:33 Gambesons
27:33 Arson
28:09 Chain Mail Armor
28:30 Iron Casting
28:06 Elite Berserk
29:54 Bogsveigar
30:15 Conscription
31:49 Treadmill Crane
33:11 Chemistry
33:42 Plate Mail Armor
34:13 Blast Furnace
34:35 Ballistics
34:11 Murder Holes
35:47 Fortified Wall
35:43 Siege Engineers
35:49 Masonry
37:34 Town Watch
ZBizkit
4:47 Loom
7:16 Feudal Age
8:55 Fletching
8:52 Double-Bit Axe
17:35 Town Watch
21:05 Castle Age
20:18 Stone Mining
22:52 Bow Saw
24:20 Horse Collar
29:22 Heavy Plow
32:52 Wheelbarrow
34:18 Fervor
37:10 Imperial Age
35:22 Scale Mail Armor
35:41 Hand Cart
36:14 Fortified Wall
36:17 Masonry
35:49 Pikeman
36:53 Squires
37:11 Chain Mail Armor
37:59 Forging
37:36 Halberdier
38:40 Capped Ram
39:41 Gambesons
41:33 Plate Mail Armor
41:38 Iron Casting
42:20 Two-Man Saw
41:56 Crop Rotation
41:03 Man-at-Arms
42:12 Long Swordsman
42:38 Arson
43:29 Two-Handed Swordsman
45:31 Blast Furnace
44:23 Gold Mining
44:19 Champion
45:52 Onager
47:56 Siege Engineers
48:52 Chemistry
49:09 Bloodlines
48:36 Siege Onager
49:35 Scale Barding Armor
AquilaMaximus
8:08 Feudal Age
12:14 Castle Age
10:40 Double-Bit Axe
10:44 Horse Collar
15:36 Heavy Plow
21:26 Scale Barding Armor
23:00 Forging
24:10 Husbandry
24:21 Bloodlines
25:15 Iron Casting
26:07 Coinage
27:12 Marauders
28:17 Wheelbarrow
27:28 Loom
28:59 Chain Barding Armor
30:50 Hand Cart
32:26 Bow Saw
32:07 Gold Mining
32:08 Stone Mining
35:30 Imperial Age
34:25 Caravan
36:10 Ballistics
35:41 Fletching
35:51 Padded Archer Armor
35:36 Cavalier
36:38 Conscription
37:39 Gold Shaft Mining
37:13 Paladin
39:47 Banking
39:56 Murder Holes
40:12 Masonry
42:46 Plate Barding Armor
42:46 Town Watch
Ferraa
9:09 Feudal Age
10:23 Loom
13:02 Castle Age
13:40 Scale Barding Armor
14:35 Forging
14:33 Double-Bit Axe
14:26 Light Cavalry
15:36 Bow Saw
15:48 Horse Collar
17:58 Forging
19:28 Bloodlines
19:40 Heavy Plow
20:33 Gold Mining
24:52 Chain Barding Armor
27:52 Iron Casting
28:43 Wheelbarrow
32:35 Imperial Age
30:55 Iron Casting
30:42 Husbandry
31:33 Masonry
32:06 Fletching
33:19 Ballistics
32:56 Bodkin Arrow
35:01 Plate Barding Armor
35:54 Blast Furnace
35:02 Shatagni
36:05 Chemistry
35:39 Padded Archer Armor
37:03 Leather Archer Armor
38:21 Ring Archer Armor
41:21 Blast Furnace
OGJak
7:32 Feudal Age
11:08 Castle Age
9:11 Double-Bit Axe
9:49 Horse Collar
13:02 Bow Saw
13:11 Heavy Plow
14:58 Stone Mining
16:22 Wheelbarrow
18:22 Stone Shaft Mining
17:40 Gold Mining
19:04 Hand Cart
19:58 Loom
20:53 Fletching
22:34 Bodkin Arrow
45:22 Imperial Age
Porkroll
9:07 Feudal Age
10:59 Wheelbarrow
10:12 Loom
20:47 Castle Age
23:38 Wheelbarrow
27:43 Hand Cart
Connection lost

Rejoining the realm…

Still unreachable

The connection could not be restored.

Session expired

The server has moved on; the page needs a fresh start.